TOP OF THE 1ST |
Miami Beach Marlins batting - Pitching for Joplin Blasters : RHP Obiniana Gaters
|
Pitching: RHP Obiniana Gaters
|
|
Batting: RHB Masumitsu Sugiura
|
0-0: SINGLE (Flyball, 3D, EV 95.0 MPH)
|
Batting: RHB Jason Thrash
|
0-0: Called Strike 0-1: Foul Ball, location: 2F 0-2: Ball 1-2: Strikes out swinging
|
Batting: RHB Mike Gar
|
0-0: Called Strike 0-1: Ball 1-1: Foul Ball, location: 2F 1-2: Ball 2-2: Ball 3-2: Foul Ball, location: 2F 3-2: Base on Balls Masumitsu Sugiura to second
|
Batting: LHB Luis Magdaleno
|
0-0: Ball 1-0: Ball 2-0: Foul Ball, location: 2F 2-1: Called Strike 2-2: Foul Ball, location: 2F 2-2: Ball 3-2: Foul Ball, location: 2F 3-2: 3-RUN HOME RUN (Flyball, 7LD, EV 90.0 MPH), Distance : 329 ft
|
Batting: SHB Matt Moore
|
0-0: Ball 1-0: Ball 2-0: Ball 3-0: Called Strike 3-1: Swinging Strike 3-2: SINGLE (Groundball, 34S, EV 88.1 MPH) (infield hit)
|
Batting: LHB Orlando Rivera
|
0-0: Fielders Choice at 2nd, 6-4 (Groundball, 6, EV 84.4 MPH)
|
Batting: RHB Robbie Gomez
|
0-0: Ball Passed Ball! Orlando Rivera to second 1-0: Ball 2-0: Ball 3-0: Base on Balls
|
Batting: SHB Justin Corbett
|
0-0: Foul Ball, location: 2F 0-1: Foul Ball, location: 2F 0-2: Fly out, F9 (Line Drive, 9, EV 96.9 MPH)
|
Top of the 1st over - 3 runs, 3 hits, 0 errors, 2 left on base; Miami Beach 3 - Joplin 0 |
BOTTOM OF THE 1ST |
Joplin Blasters batting - Pitching for Miami Beach Marlins : RHP Ryan Weedon
|
Pitching: RHP Ryan Weedon
|
|
Batting: RHB Dave Saldana
|
0-0: Ball 1-0: Called Strike 1-1: Ball 2-1: Fly out, F4 (Popup, 4M, EV 76.2 MPH)
|
Batting: RHB Kevin Wimberly
|
0-0: Ball 1-0: Swinging Strike 1-1: Bunt for hit to 15 - play at first, batter OUT! 1-3
|
Batting: RHB Chance Argy
|
0-0: Called Strike 0-1: SINGLE (Groundball, 34D, EV 98.1 MPH)
|
Batting: RHB Bobby Matyas
|
Balk! Chance Argy to second 0-0: Called Strike 0-1: Ball 1-1: 2-RUN HOME RUN (Line Drive, 7LD, EV 96.9 MPH), Distance : 358 ft
|
Batting: LHB Mike Bhatti
|
0-0: Called Strike 0-1: Ball 1-1: Called Strike 1-2: Foul Ball, location: 2F 1-2: SINGLE (Line Drive, 34, EV 108.8 MPH)
|
Batting: LHB Danny Pacheco
|
0-0: Ball 1-0: Called Strike 1-1: Ball 2-1: Ball 3-1: Swinging Strike 3-2: Foul Ball, location: 2F 3-2: Foul Ball, location: 2F 3-2: Strikes out swinging
|
Bottom of the 1st over - 2 runs, 3 hits, 0 errors, 1 left on base; Miami Beach 3 - Joplin 2 |
TOP OF THE 2ND |
Miami Beach Marlins batting - Pitching for Joplin Blasters : RHP Obiniana Gaters
|
Batting: SHB Greg Rivera
|
0-0: Foul Ball, location: 2F 0-1: Fly out, F5 (Popup, 6S, EV 84.4 MPH)
|
Batting: RHB Masumitsu Sugiura
|
0-0: Ball 1-0: Ball 2-0: Called Strike 2-1: Foul Ball, location: 2F 2-2: SINGLE (Flyball, 3D, EV 90.0 MPH)
|
Batting: RHB Jason Thrash
|
0-0: Called Strike 0-1: Called Strike 0-2: Strikes out swinging
|
Batting: RHB Mike Gar
|
0-0: Called Strike 0-1: Ball 1-1: Ball 2-1: Ball 3-1: Foul Ball, location: 2F 3-2: Base on Balls Masumitsu Sugiura to second
|
Batting: LHB Luis Magdaleno
|
0-0: Ball 1-0: Called Strike 1-1: Foul Ball, location: 2F 1-2: Ball 2-2: Ground out 4-3 (Groundball, 4, EV 85.6 MPH)
|
Top of the 2nd over - 0 runs, 1 hit, 0 errors, 2 left on base; Miami Beach 3 - Joplin 2 |
BOTTOM OF THE 2ND |
Joplin Blasters batting - Pitching for Miami Beach Marlins : RHP Ryan Weedon
|
Batting: RHB Nick Julien
|
0-0: Ball 1-0: Ball 2-0: Ball 3-0: Called Strike 3-1: Base on Balls
|
Batting: RHB Jason Birge
|
0-0: Grounds into double play, 6-4-3 (Groundball, 6, EV 103.1 MPH)
|
Batting: SHB Bill Ertl
|
0-0: Ball 1-0: Ball 2-0: Ball 3-0: Base on Balls
|
Batting: RHB Dave Saldana
|
0-0: Ball 1-0: Foul Ball, location: 2F 1-1: Ground out 4-3 (Groundball, 4, EV 90.6 MPH)
|
Bottom of the 2nd over - 0 runs, 0 hits, 0 errors, 1 left on base; Miami Beach 3 - Joplin 2 |
TOP OF THE 3RD |
Miami Beach Marlins batting - Pitching for Joplin Blasters : RHP Obiniana Gaters
|
Batting: SHB Matt Moore
|
0-0: SINGLE (Line Drive, 89M, EV 93.8 MPH)
|
Batting: LHB Orlando Rivera
|
0-0: Fly out, F5 (Popup, 15, EV 87.5 MPH)
|
Batting: RHB Robbie Gomez
|
0-0: Ball 1-0: Foul Ball, location: 2F 1-1: Foul Ball, location: 2F 1-2: Ball 2-2: Strikes out looking
|
Batting: SHB Justin Corbett
|
0-0: Ball 1-0: Foul Ball, location: 2F 1-1: Fly out, F8 (Line Drive, 8LD, EV 99.4 MPH)
|
Top of the 3rd over - 0 runs, 1 hit, 0 errors, 1 left on base; Miami Beach 3 - Joplin 2 |
BOTTOM OF THE 3RD |
Joplin Blasters batting - Pitching for Miami Beach Marlins : RHP Ryan Weedon
|
Batting: RHB Kevin Wimberly
|
0-0: DOUBLE (Line Drive, 9LS, EV 103.1 MPH)
|
Batting: RHB Chance Argy
|
0-0: Called Strike 0-1: Foul Ball, location: 2F 0-2: Ball 1-2: Ball 2-2: Ground out 4-3 (Groundball, 4, EV 84.4 MPH) Kevin Wimberly to third
|
Batting: RHB Bobby Matyas
|
0-0: Called Strike 0-1: Ball 1-1: Fly out, F8 (Flyball, 8RD, EV 103.8 MPH) Runner from 3rd tags up, SCORES, throw by CF
|
Batting: LHB Mike Bhatti
|
0-0: Called Strike 0-1: Swinging Strike 0-2: Ball 1-2: Strikes out looking
|
Bottom of the 3rd over - 1 run, 1 hit, 0 errors, 0 left on base; Miami Beach 3 - Joplin 3 |
TOP OF THE 4TH |
Miami Beach Marlins batting - Pitching for Joplin Blasters : RHP Obiniana Gaters
|
Batting: SHB Greg Rivera
|
0-0: Ball 1-0: Foul Ball, location: 2F 1-1: Reached on error, E6 (Groundball, 6M, EV 103.8 MPH)
|
Batting: RHB Masumitsu Sugiura
|
0-0: Ball 1-0: Called Strike 1-1: Called Strike 1-2: Strikes out swinging
|
Batting: RHB Jason Thrash
|
0-0: Swinging Strike 0-1: Ball 1-1: Ground out 6-3 (Groundball, 6, EV 85.6 MPH)
|
Pitching: RHP Nam Phong
|
|
Batting: RHB Mike Gar
|
0-0: Ball 1-0: Ball 2-0: Ball 3-0: Base on Balls
|
Batting: LHB Luis Magdaleno
|
0-0: Called Strike 0-1: Called Strike 0-2: Ball 1-2: Ball 2-2: DOUBLE (Flyball, 78XD, EV 109.4 MPH) Greg Rivera scores Mike Gar to third
|
Batting: SHB Matt Moore
|
0-0: Foul Ball, location: 2F 0-1: Foul Ball, location: 2F 0-2: Ball 1-2: Strikes out swinging
|
Top of the 4th over - 1 run, 1 hit, 1 error, 2 left on base; Miami Beach 4 - Joplin 3 |
BOTTOM OF THE 4TH |
Joplin Blasters batting - Pitching for Miami Beach Marlins : RHP Ryan Weedon
|
Batting: LHB Danny Pacheco
|
0-0: Ball 1-0: Called Strike 1-1: Ball 2-1: Called Strike 2-2: Strikes out looking
|
Batting: RHB Nick Julien
|
0-0: Ball 1-0: Called Strike 1-1: Ball 2-1: Foul Ball, location: 2F 2-2: Ground out 5-3 (Groundball, 56S, EV 67.5 MPH)
|
Batting: RHB Jason Birge
|
0-0: Ball 1-0: Foul Ball, location: 2F 1-1: Foul Ball, location: 2F 1-2: Ground out 5-3 (Groundball, 56S, EV 80.0 MPH)
|
Bottom of the 4th over - 0 runs, 0 hits, 0 errors, 0 left on base; Miami Beach 4 - Joplin 3 |
TOP OF THE 5TH |
Miami Beach Marlins batting - Pitching for Joplin Blasters : RHP Nam Phong
|
Batting: LHB Orlando Rivera
|
0-0: Called Strike 0-1: Swinging Strike 0-2: Strikes out looking
|
Batting: RHB Robbie Gomez
|
0-0: Ball 1-0: Called Strike 1-1: Ball 2-1: SINGLE (Groundball, 56S, EV 66.2 MPH) (infield hit)
|
Batting: SHB Justin Corbett
|
0-0: Ball 1-0: Ball 2-0: Ball 3-0: Called Strike 3-1: Base on Balls Robbie Gomez to second
|
Batting: SHB Greg Rivera
|
0-0: Ball 1-0: Swinging Strike 1-1: Swinging Strike 1-2: Ball 2-2: Foul Ball, location: 2F 2-2: Strikes out looking
|
Batting: RHB Masumitsu Sugiura
|
0-0: Fielders Choice at 2nd, 6-4 (Groundball, 6, EV 86.2 MPH)
|
Top of the 5th over - 0 runs, 1 hit, 0 errors, 2 left on base; Miami Beach 4 - Joplin 3 |
BOTTOM OF THE 5TH |
Joplin Blasters batting - Pitching for Miami Beach Marlins : RHP Ryan Weedon
|
Batting: SHB Bill Ertl
|
0-0: Ground out U3 (Groundball, 34S, EV 89.4 MPH)
|
Batting: RHB Dave Saldana
|
0-0: Ball 1-0: Ground out 6-3 (Groundball, 56D, EV 87.5 MPH)
|
Batting: RHB Kevin Wimberly
|
0-0: Foul Ball, location: 2F 0-1: SINGLE (Flyball, 56D, EV 91.9 MPH)
|
Batting: RHB Chance Argy
|
0-0: Ball 1-0: SINGLE (Line Drive, 7S, EV 100.0 MPH) Kevin Wimberly to second
|
Batting: RHB Bobby Matyas
|
0-0: Called Strike 0-1: Swinging Strike 0-2: Ball 1-2: Ball 2-2: SINGLE (Groundball, 56D, EV 105.0 MPH) Kevin Wimberly to third Chance Argy to second Runner from 3rd tries for Home, SAFE, throw by LF to home
|
Batting: LHB Mike Bhatti
|
0-0: Fly out, F9 (Flyball, 9D, EV 100.0 MPH)
|
Bottom of the 5th over - 1 run, 3 hits, 0 errors, 2 left on base; Miami Beach 4 - Joplin 4 |
TOP OF THE 6TH |
Miami Beach Marlins batting - Pitching for Joplin Blasters : RHP Nam Phong
|
Batting: RHB Jason Thrash
|
0-0: Foul Ball, location: 2F 0-1: Ball 1-1: Fly out, F8 (Flyball, 8LXD, EV 103.8 MPH)
|
Batting: RHB Mike Gar
|
0-0: Foul Ball, location: 2F 0-1: Ball 1-1: Ball 2-1: DOUBLE (Groundball, 5L, EV 105.6 MPH)
|
Batting: LHB Luis Magdaleno
|
0-0: Intentional Walk
|
Pitching: RHP Jordan Viveros
|
|
Batting: SHB Matt Moore
|
0-0: Ball 1-0: Called Strike 1-1: Fly out, F8 (Flyball, 8RD, EV 105.0 MPH)
|
Batting: LHB Orlando Rivera
|
0-0: Called Strike 0-1: Called Strike 0-2: Strikes out looking
|
Top of the 6th over - 0 runs, 1 hit, 0 errors, 2 left on base; Miami Beach 4 - Joplin 4 |
BOTTOM OF THE 6TH |
Joplin Blasters batting - Pitching for Miami Beach Marlins : RHP Ryan Weedon
|
Batting: LHB Danny Pacheco
|
0-0: Called Strike 0-1: Foul Ball, location: 2F 0-2: Ball 1-2: Strikes out looking
|
Batting: RHB Nick Julien
|
0-0: SINGLE (Line Drive, 56D, EV 109.4 MPH)
|
Batting: RHB Jason Birge
|
0-0: Ball 1-0: SINGLE (Line Drive, 4D, EV 101.9 MPH) Nick Julien to second
|
Batting: SHB Bill Ertl
|
0-0: Swinging Strike 0-1: Ball 1-1: Ball 2-1: Ball 3-1: SINGLE (Groundball, 5S, EV 66.9 MPH) (infield hit) Nick Julien to third Jason Birge to second
|
Batting: RHB Dave Saldana
|
0-0: Fly out, F3 (Popup, 3SF, EV 71.2 MPH)
|
Batting: RHB Kevin Wimberly
|
0-0: SINGLE (Line Drive, 9S, EV 95.6 MPH) Nick Julien scores Jason Birge to third Bill Ertl to second
|
Batting: RHB Chance Argy
|
0-0: Called Strike 0-1: Called Strike 0-2: Foul Ball, location: 2F 0-2: Strikes out swinging
|
Bottom of the 6th over - 1 run, 4 hits, 0 errors, 3 left on base; Miami Beach 4 - Joplin 5 |
TOP OF THE 7TH |
Miami Beach Marlins batting - Pitching for Joplin Blasters : RHP Jordan Viveros
|
Batting: RHB Robbie Gomez
|
0-0: Called Strike 0-1: Fly out, F4 (Line Drive, 4, EV 68.8 MPH)
|
Batting: SHB Justin Corbett
|
0-0: Ball 1-0: Foul Ball, location: 2F 1-1: Ball 2-1: Swinging Strike 2-2: Fly out, F3 (Flyball, 3D, EV 73.8 MPH)
|
Batting: SHB Greg Rivera
|
0-0: Swinging Strike 0-1: Called Strike 0-2: Ball 1-2: Ball 2-2: Strikes out swinging
|
Top of the 7th over - 0 runs, 0 hits, 0 errors, 0 left on base; Miami Beach 4 - Joplin 5 |
BOTTOM OF THE 7TH |
Joplin Blasters batting - Pitching for Miami Beach Marlins : RHP Ryan Weedon
|
Batting: RHB Bobby Matyas
|
0-0: Swinging Strike 0-1: Foul Ball, location: 2F 0-2: Ball 1-2: Fly out, F9 (Flyball, 9S, EV 90.0 MPH)
|
Batting: LHB Mike Bhatti
|
0-0: SINGLE (Groundball, 25, EV 65.0 MPH) (infield hit)
|
Batting: LHB Danny Pacheco
|
0-0: Swinging Strike 0-1: Swinging Strike 0-2: Ball 1-2: Foul Ball, location: 2F 1-2: Foul Ball, location: 2F 1-2: Ball 2-2: Fielders Choice at 2nd, 4-6 (Groundball, 4, EV 86.2 MPH)
|
Pitching: RHP Cesar Jimenez
|
|
Batting: RHB Nick Julien
|
0-0: Foul Ball, location: 2F 0-1: Called Strike 0-2: Ball 1-2: Foul Ball, location: 2F 1-2: Foul Ball, location: 2F 1-2: Ball 2-2: Foul Ball, location: 2F 2-2: Strikes out swinging
|
Bottom of the 7th over - 0 runs, 1 hit, 0 errors, 1 left on base; Miami Beach 4 - Joplin 5 |
TOP OF THE 8TH |
Miami Beach Marlins batting - Pitching for Joplin Blasters : RHP Jordan Viveros
|
Pitching: LHP Tyler Abraham
|
|
Batting: RHB Masumitsu Sugiura
|
0-0: Ball 1-0: Ball 2-0: Foul Ball, location: 2F 2-1: Foul Ball, location: 2F 2-2: DOUBLE (Line Drive, 5D, EV 105.0 MPH)
|
Batting: RHB Jason Thrash
|
0-0: Ball 1-0: Ground out 6-3 (Groundball, 6, EV 80.6 MPH) Masumitsu Sugiura to third
|
Batting: RHB Mike Gar
|
0-0: Called Strike 0-1: Called Strike 0-2: Ball 1-2: Strikes out swinging
|
Batting: LHB Luis Magdaleno
|
0-0: Ball 1-0: Ball 2-0: Ball 3-0: Called Strike 3-1: Base on Balls
|
Batting: SHB Matt Moore
|
0-0: Swinging Strike 0-1: Ball 1-1: Foul Ball, location: 2F 1-2: Foul Ball, location: 2F 1-2: Ball 2-2: SINGLE (Groundball, 6MD, EV 102.5 MPH) Masumitsu Sugiura scores Luis Magdaleno to second
|
Pitching: RHP John Barnett
|
|
Batting: LHB Orlando Rivera
|
0-0: Ball 1-0: Foul Ball, location: 2F 1-1: Foul Ball, location: 9LSF, Error on foul ball, E9 1-2: Foul Ball, location: 2F 1-2: Ball 2-2: SINGLE (Line Drive, 8RS, EV 87.5 MPH) Luis Magdaleno to third Matt Moore to second Runner from 3rd tries for Home, SAFE, throw by CF to home
|
Batting: RHB Robbie Gomez
|
0-0: Foul Ball, location: 2F 0-1: Called Strike 0-2: Strikes out looking
|
Top of the 8th over - 2 runs, 3 hits, 1 error, 2 left on base; Miami Beach 6 - Joplin 5 |
BOTTOM OF THE 8TH |
Joplin Blasters batting - Pitching for Miami Beach Marlins : RHP Cesar Jimenez
|
Batting: RHB Jason Birge
|
0-0: SINGLE (Line Drive, 6D, EV 93.8 MPH)
|
Batting: SHB Bill Ertl
|
0-0: Called Strike 0-1: Ball 1-1: Ball Wild Pitch! Jason Birge to second 2-1: Ball 3-1: Ground out 3-1 (Groundball, 34S, EV 86.9 MPH) Jason Birge to third
|
Batting: RHB Dave Saldana
|
0-0: Swinging Strike 0-1: Foul Ball, location: 2F 0-2: Ball 1-2: Foul Ball, location: 2F 1-2: Ball 2-2: Ground out 6-3 (Groundball, 6S, EV 83.1 MPH)
|
Batting: RHB Kevin Wimberly
|
0-0: Ball 1-0: Ball 2-0: Called Strike 2-1: Ball 3-1: Base on Balls
|
Batting: RHB Chance Argy
|
0-0: Ball 1-0: 3-RUN HOME RUN (Flyball, 7D, EV 101.9 MPH), Distance : 374 ft
|
Pitching: RHP Eric Schafer
|
|
Batting: RHB Bobby Matyas
|
0-0: Ground out 5-3 (Groundball, 56D, EV 91.2 MPH)
|
Bottom of the 8th over - 3 runs, 2 hits, 0 errors, 0 left on base; Miami Beach 6 - Joplin 8 |
TOP OF THE 9TH |
Miami Beach Marlins batting - Pitching for Joplin Blasters : RHP John Barnett
|
Batting: SHB Justin Corbett
|
0-0: DOUBLE (Line Drive, 9D, EV 91.2 MPH)
|
Pinch Hitting: RHB Miguel Velasco
|
0-0: Ball 1-0: Called Strike 1-1: Ball 2-1: Foul Ball, location: 2F 2-2: Foul Ball, location: 2F 2-2: Strikes out swinging
|
Batting: RHB Masumitsu Sugiura
|
0-0: Ball 1-0: Called Strike 1-1: Ball 2-1: DOUBLE (Line Drive, 89XD, EV 100.0 MPH) Justin Corbett scores
|
Batting: RHB Jason Thrash
|
0-0: Ball 1-0: Called Strike 1-1: Fly out, F8 (Flyball, 8LXD, EV 97.5 MPH) Runner from 2nd tags up, SAFE at 3rd, no throw by CF
|
Batting: RHB Mike Gar
|
0-0: Ball 1-0: Called Strike 1-1: Called Strike 1-2: Foul Ball, location: 2F 1-2: Strikes out looking
|
Top of the 9th over - 1 run, 2 hits, 0 errors, 1 left on base; Miami Beach 7 - Joplin 8 |
|